 Dungeon Crawl Stone Soup version 0.23-a0-182-g58cdd98 (webtiles) character file.

1533 Mgcat the Tainter (level 8, -11/44 HPs)
             Began as a Deep Elf Venom Mage on Sept 20, 2018.
             Was an Initiate of Vehumet.
             Mangled by a wyvern skeleton (13 damage)
             ... on level 6 of the Dungeon.
             The game lasted 00:19:10 (7368 turns).

Mgcat the Tainter (Deep Elf Venom Mage)             Turns: 7368, Time: 00:19:11

Health: -11/44     AC:  4    Str:  5    XL:     8   Next: 55%
Magic:  18/18      EV: 14    Int: 26    God:    Vehumet [......]
Gold:   303        SH:  0    Dex: 15    Spells: 5/17 levels left

rFire    + . .     SeeInvis +   a - +2 whip (elec)
rCold    + . .     Gourm    .   (no shield)
rNeg     . . .     Faith    .   m - +0 robe
rPois    +         Spirit   .   f - +0 helmet
rElec    +         Reflect  .   (no cloak)
rCorr    +         Harm     .   q - +0 pair of gloves
MR       .....                  (no boots)
Stlth    ++........             (no amulet)
HPRegen  0.14/turn              o - ring of see invisible {sInv, !d}
MPRegen  0.16/turn              x - +3 ring of intelligence

@: resistant
A: no striking features
a: Renounce Religion


You were on level 6 of the Dungeon.
You worshipped Vehumet.
Vehumet was noncommittal.
You were not hungry.

You visited 2 branches of the dungeon, and saw 7 of its levels.

You collected 303 gold pieces.

Inventory:

Hand Weapons
 a - a +2 whip of electrocution (weapon)
   (You took it off a gnoll on level 3 of the Dungeon)
Armour
 f - a +0 helmet (worn)
   (You found it on level 5 of the Dungeon)
 m - a +0 robe (worn)
 q - a +0 pair of gloves (worn)
   (You found it on level 4 of the Dungeon)
Magical Staves
 b - an uncursed staff of air {rElec}
   (You found it on level 4 of the Dungeon)
 u - an uncursed staff of cold {rC+}
   (You found it on level 5 of the Dungeon)
Jewellery
 o - a ring of see invisible (left hand) {sInv, !d}
   (You found it on level 4 of the Dungeon)
 s - an uncursed ring of ice {rC+, rF-}
   (You found it on level 4 of the Dungeon)
 x - a +3 ring of intelligence (right hand)
   (You found it on level 5 of the Dungeon)
Wands
 y - a wand of disintegration (12)
   (You found it on level 5 of the Dungeon)
Scrolls
 d - 9 scrolls of identify {unknown}
 g - 5 scrolls of remove curse {unknown}
 h - 3 scrolls of fog {unknown}
 j - a scroll of amnesia {unknown}
 k - 3 scrolls of enchant armour {unknown}
 r - a scroll of random uselessness {unknown}
 w - a scroll of magic mapping {unknown}
 z - a scroll of immolation {unknown}
Potions
 e - 2 potions of lignification {unknown}
 i - a potion of ambrosia {unknown}
 l - 2 potions of curing {unknown}
 n - a potion of resistance
 p - a potion of haste {unknown}
 t - a potion of flight {unknown}
 v - a potion of berserk rage {unknown}
 A - a potion of heal wounds {unknown}
 B - a potion of might {unknown}
 D - a potion of magic {unknown}
 E - a potion of agility {unknown}
 F - a potion of brilliance {unknown}
Comestibles
 c - 12 rations
 C - 3 chunks of flesh {@w0}


   Skills:
 + Level 1.9 Fighting
 + Level 4.0 Dodging
 - Level 2.4 Stealth
 - Level 5.3 Spellcasting
 + Level 5.0 Conjurations
 + Level 3.3 Air Magic
 + Level 8.7 Poison Magic


You had 5 spell levels left.
You knew the following spells:

 Your Spells              Type           Power        Failure   Level  Hunger
a - Sting                 Conj/Pois      ####         1%          1    None
b - Poisonous Vapours     Pois/Air       #####.       1%          2    None
c - Olgreb's Toxic Radia  Pois           ######..     1%          4    ###....
d - Venom Bolt            Conj/Pois      #####.....   12%         5    #####..

Your spell library contained the following spells:

 Spells                   Type           Power        Failure   Level  Hunger
 Mephitic Cloud           Conj/Pois/Air  #####...     2%          3    #......


Dungeon Overview and Level Annotations

Branches:
Dungeon (6/15)             Temple (1/1) D:5

Altars:
Ashenzari
Cheibriados
Dithmenos
Elyvilon
Fedhas
Gozag
Hepliaklqana
Kikubaaqudgha
Makhleb
Nemelex Xobeh
Okawaru
Qazlal
Ru
Sif Muna
Trog
Uskayaw
Vehumet
Wu Jian
Xom
Yredelemnul
Zin
The Shining One

Shops:
D:4 *


Message History

The worker ant looks even sicker.
The worker ant bites you.
You are poisoned.
The worker ant poisons you!
Casting: Poisonous Vapours (safe; 1% risk of failure)
Confirm with . or Enter, or press ? or * to list all spells.
Aiming: Poisonous Vapours (safe; 1% risk of failure)
Press: ? - help, Dir - move target cursor, f/p - worker ant
Aim: a worker ant (poison gas, almost dead, poisoned)
You feel a surge of power!
The poisonous vapours increase!
You feel sick.
You kill the worker ant!
Vehumet accepts your kill.
Unknown command.
You feel sick.
All of the chunks of flesh in your inventory have rotted away.
You feel sick.
You feel sick.
You feel sick.
You feel sick.
You are no longer poisoned.
You butcher the worker ant corpse.
C - 3 chunks of flesh {@w0} Key pressed, stopping explore.
Key pressed, stopping explore.
Key pressed, stopping explore.
You enter a teleport trap!
The teleport trap disappears.
Your surroundings suddenly seem different.
You found a shaft!
Found a stone staircase leading down.
There is a stone staircase leading down here.
You open the door.
There is an open door here.
As you open the door, it creaks loudly!
There is an open door here.
You now have 303 gold pieces (gained 4).
Key pressed, stopping explore.
You open the door.
There is an open door here.
You open the door.
A wyvern skeleton comes into view.
Casting: Poisonous Vapours (safe; 1% risk of failure)
Confirm with . or Enter, or press ? or * to list all spells.
Aiming: Poisonous Vapours (safe; 1% risk of failure)
Press: ? - help, Dir - move target cursor, f - wyvern skeleton
Aim: a wyvern skeleton (resting)
You feel a surge of power!
But poisonous vapours would do no harm to the wyvern skeleton!
Unknown command.
Unknown command.
Casting: Poisonous Vapours (safe; 1% risk of failure)
Confirm with . or Enter, or press ? or * to list all spells.
You can't see any susceptible monsters within range! (Use Z to cast anyway.)
Casting: Poisonous Vapours (safe; 1% risk of failure)
Confirm with . or Enter, or press ? or * to list all spells.
You can't see any susceptible monsters within range! (Use Z to cast anyway.)
There is an open door here.
The wyvern skeleton bites you.
You hit the wyvern skeleton.
The wyvern skeleton is lightly damaged.
The wyvern skeleton bites you!
You hit the wyvern skeleton.
The wyvern skeleton is lightly damaged.
The wyvern skeleton misses you. The wyvern skeleton barely misses you.
You hit the wyvern skeleton.
The wyvern skeleton is moderately damaged.
The wyvern skeleton bites you but does no damage.
You hear the crackle of electricity.
a - a +2 whip of electrocution (weapon)
The wyvern skeleton bites you.
You completely miss the wyvern skeleton.
The wyvern skeleton is moderately damaged.
The wyvern skeleton closely misses you.
You barely miss the wyvern skeleton.
The wyvern skeleton is moderately damaged.
The wyvern skeleton bites you. The wyvern skeleton bites you!
* * * LOW HITPOINT WARNING * * *
It was a potion of resistance.
You feel protected.
The wyvern skeleton completely misses you.
Unknown command.
Unknown command.
You hit the wyvern skeleton.
Lightning courses through the wyvern skeleton!
The wyvern skeleton is severely damaged.
The wyvern skeleton bites you!
* * * LOW HITPOINT WARNING * * *
The wyvern skeleton closely misses you.
Unknown command.
Unknown command.
Unknown command.
Unknown command.
Okay, then.
Unknown command.
Casting: Poisonous Vapours (safe; 1% risk of failure)
Confirm with . or Enter, or press ? or * to list all spells.
You can't see any susceptible monsters within range! (Use Z to cast anyway.) Unknown command.
You hit the wyvern skeleton.
The wyvern skeleton is severely damaged.
The wyvern skeleton bites you!
You die...

###...>###.##.......## ##.#.#
##......##.#.........####....#
...........'.........'.......##
##......##.#.........####.....#
##.....##>##.......## ##.##.#
##.##.##.##......## ####.#
#.......###....## #.# ####.####
#.#'## #.# #^# #.#@# #.# #.#
#..Z# #.# #.. $...... #.# ###
#####...# .?... ##...## ##..#
#...


You could see a wyvern skeleton.

Vanquished Creatures
  Pikel (D:6)
  4 slaves
  A sky beast (D:5)
  A centaur (D:5)
  8 big kobolds (D:3)
  2 scorpions
  A centaur skeleton (D:6)
  2 worker ants
  A howler monkey skeleton (D:5)
  5 gnolls
  7 adders
  An ooze (D:1)
  An adder skeleton (D:4)
  An adder zombie (D:5)
  6 worms
  2 dart slugs
  4 leopard geckos
  2 orcs (D:4)
  6 bats
  2 giant cockroaches
  4 goblins
  10 hobgoblins
  2 jackals (D:2)
  3 quokkas
  A frilled lizard (D:1)
  A jackal zombie (D:5)
  41 kobolds
  A leopard gecko skeleton (D:4)
  8 rats
129 creatures vanquished.

Notes
Turn   | Place    | Note
-------+----------+-------------------------------------------
     0 | D:1      | Mgcat the Deep Elf Venom Mage began the quest for the Orb.
     0 | D:1      | Reached XP level 1. HP: 10/10 MP: 6/6
   270 | D:1      | Reached XP level 2. HP: 13/15 MP: 4/8
   274 | D:1      | Learned a level 2 spell: Poisonous Vapours
   527 | D:1      | Reached skill level 2 in Conjurations
  1005 | D:2      | Reached skill level 4 in Poison Magic
  1009 | D:2      | Reached XP level 3. HP: 19/19 MP: 0/9
  1486 | D:2      | Reached skill level 3 in Conjurations
  1499 | D:1      | HP: 1/19 [hobgoblin (5)]
  1886 | D:2      | Found a sacrificial altar of Ru.
  1908 | D:2      | Found a burning altar of Makhleb.
  2037 | D:2      | Reached XP level 4. HP: 24/24 MP: 4/10
  2043 | D:2      | Learned a level 4 spell: Olgreb's Toxic Radiance
  2596 | D:3      | Found a shimmering altar of Xom.
  3412 | D:3      | Noticed a big kobold
  3415 | D:3      | Noticed a big kobold
  3431 | D:3      | Killed a big kobold
  3431 | D:3      | Reached XP level 5. HP: 28/28 MP: 2/12
  3538 | D:3      | Reached skill level 4 in Spellcasting
  3538 | D:3      | Reached skill level 4 in Conjurations
  3538 | D:3      | Reached skill level 5 in Poison Magic
  3545 | D:3      | Learned a level 5 spell: Venom Bolt
  3817 | D:3      | Reached XP level 6. HP: 32/32 MP: 1/15
  3918 | D:3      | Reached skill level 5 in Spellcasting
  4093 | D:3      | Reached skill level 6 in Poison Magic
  4435 | D:3      | Reached XP level 7. HP: 31/36 MP: 1/17
  4479 | D:3      | Reached skill level 7 in Poison Magic
  4878 | D:4      | Found an ancient bone altar of Kikubaaqudgha.
  4958 | D:4      | Found a shattered altar of Ashenzari.
  5073 | D:4      | Reached skill level 1 in Air Magic
  5308 | D:4      | Reached skill level 8 in Poison Magic
  5347 | D:4      | Found Paprac's Assorted Antiques.
  5570 | D:5      | Entered Level 5 of the Dungeon
  5667 | D:5      | Found a sparkling altar of Nemelex Xobeh.
  5935 | D:5      | Reached skill level 2 in Air Magic
  5990 | D:5      | Found a blossoming altar of Fedhas.
  6018 | D:5      | Found a staircase to the Ecumenical Temple.
  6030 | Temple   | Entered the Ecumenical Temple
  6109 | Temple   | Became a worshipper of Vehumet
  6585 | D:5      | Reached skill level 3 in Dodging
  6585 | D:5      | Reached XP level 8. HP: 42/42 MP: 4/18
  6803 | D:6      | Noticed Pikel
  6809 | D:6      | Killed Pikel
  6809 | D:6      | Reached skill level 1 in Fighting
  6809 | D:6      | Reached skill level 3 in Air Magic
  6964 | D:6      | Reached skill level 5 in Conjurations
  7025 | D:6      | Reached skill level 4 in Dodging
  7365 | D:6      | HP: 9/44 [wyvern skeleton (10)]
  7367 | D:6      | HP: 2/44 [wyvern skeleton (8)]
  7368 | D:6      | Mangled by a wyvern skeleton

Vault maps used:
D:1:      minmay_arrival_nine_rooms, minivault_25, minmay_heptomino_w4
D:2:      nicolae_overflow_crystal_walls, eino_tiny_chamber,
          nicolae_ru_sacrificial_ziggurat
D:3:      minmay_goblin_kobold_castle, lemuel_coloured_pillars_altar,
          first_ration
D:4:      lemuel_round_altar, kiku_gazebo_pond_becter, serial_shops,
          nicolae_shop_behind_doors
D:5:      wad_crossroads, old_standard_altar, nemelex_xobeh_ov_fountains_minmay,
          minmay_temple_entry_large_hall, minmay_misc_feat_plants
D:6:      doesnt_xom_only_xom, uniq_pikel
Temple:   compressed_dpeg_circular_temple

Skill      XL: |  1  2  3  4  5  6  7  8 |
---------------+-------------------------+-----
Conjurations   | 2 3 4 5 |  5.0
Poison Magic   | 4 5 6 8 |  8.7
Spellcasting   | 4 5 |  5.3
Air Magic      | 2 3 |  3.3
Dodging        | 3 4 |  4.0
Fighting       | 1 |  1.9
Stealth        | |  2.4

Action                   |  1- 3 |  4- 6 |  7- 9 || total
-------------------------+-------+-------+-------++-------
Melee: Unarmed           |     1 |       |       ||     1
       Dagger            |    27 |       |       ||    27
       Quarterstaff      |       |     6 |     4 ||    10
       Whip              |       |       |    26 ||    26
       Staff             |       |       |    15 ||    15
 Cast: Sting             |    41 |    26 |     7 ||    74
       Poisonous Vapours |    39 |    69 |    67 ||   175
       Olgreb's Toxic Ra |       |     4 |     6 ||    10
  Use: Potion            |       |       |     1 ||     1
  Eat: Chunk             |     5 |     5 |    10 ||    20
       Ration            |       |     1 |       ||     1
Armor: Robe              |    12 |       |     9 ||    21
Dodge: Dodged            |    29 |    20 |    39 ||    88

Table legend:
 A = Non-vault XP
 B = Vault XP
 C = Vault XP percentage of total XP
 D = Non-vault monster count
 E = Vault monster count
 F = Vault count percentage of total count
                 A         B        C        D         E       F
            +---------+---------+-------+---------+---------+-------
      Total |     774 |    1417 |  64.7 |      71 |      54 |  43.2
            +---------+---------+-------+---------+---------+-------
        D:1 |      24 |      12 |  33.3 |      13 |       6 |  31.6
        D:2 |      64 |       0 |   0.0 |      22 |       0 |   0.0
        D:3 |      17 |     864 |  98.1 |       9 |      45 |  83.3
        D:4 |     181 |       0 |   0.0 |      12 |       0 |   0.0
        D:5 |     337 |       3 |   0.9 |      11 |       2 |  15.4
        D:6 |     151 |     538 |  78.1 |       4 |       1 |  20.0
            +---------+---------+-------+---------+---------+-------

Vault maps used:
D:1:      minmay_arrival_nine_rooms, minivault_25, minmay_heptomino_w4
D:2:      nicolae_overflow_crystal_walls, eino_tiny_chamber,
          nicolae_ru_sacrificial_ziggurat
D:3:      minmay_goblin_kobold_castle, lemuel_coloured_pillars_altar,
          first_ration
D:4:      lemuel_round_altar, kiku_gazebo_pond_becter, serial_shops,
          nicolae_shop_behind_doors
D:5:      wad_crossroads, old_standard_altar, nemelex_xobeh_ov_fountains_minmay,
          minmay_temple_entry_large_hall, minmay_misc_feat_plants
D:6:      doesnt_xom_only_xom, uniq_pikel
Temple:   compressed_dpeg_circular_temple

Table legend:
 A = Turns spent in this place as a percentage of turns spent in the entire game.
 B = Non-inter-level travel turns spent in this place as a percentage of non-inter-level travel turns spent in the entire game.
 C = Inter-level travel turns spent in this place as a percentage of turns spent in this place.
 D = Turns resting spent in this place as a percentage of non-inter-level travel turns spent in this place.
 E = Turns spent auto-exploring this place as a percentage of non-inter-level travel turns spent in this place.
 F = Non-inter-level travel turns spent in this place divided by the number of levels of this place that you've seen.
                   A       B       C       D       E      F
               +-------+-------+-------+-------+-------+----------------------
         Total | 100.0 | 100.0 |   3.7 |   2.0 |  83.5 | 1013.7
       Dungeon |  98.7 |  98.9 |   3.6 |   2.0 |  83.7 | 1169.2
        Temple |   1.3 |   1.1 |  13.8 |   0.0 |  61.7 |  81.0
               +-------+-------+-------+-------+-------+----------------------

Table legend:
 A = Kills in this place as a percentage of kills in entire the game.
 B = Kills by you in this place as a percentage of kills by you in the entire game.
 C = Kills by friends in this place as a percentage of kills by friends in the entire game.
 D = Other kills in this place as a percentage of other kills in the entire game.
 E = Experience gained in this place as a percentage of experience gained in the entire game.
 F = Experience gained in this place divided by the number of levels of this place that you have seen.
                   A       B       C       D       E      F
               +-------+-------+-------+-------+-------+----------------------
         Total | 100.0 | 100.0 |   N/A |   N/A | 100.0 | 313.0
       Dungeon | 100.0 | 100.0 |   N/A |   N/A | 100.0 | 365.2
               +-------+-------+-------+-------+-------+----------------------
